 Dungeon Crawl Stone Soup version 0.22-a0-247-gbddf880 (webtiles) character file.

39 matakusis the Caller (level 3, 0/19 HPs)
             Began as a Deep Elf Summoner on Feb 24, 2018.
             Killed by nerve-wracking pain
             ... invoked by a shadow imp
              (10 damage)
             ... on level 3 of the Dungeon.
             The game lasted 00:14:13 (1210 turns).

matakusis the Caller (Deep Elf Summoner)            Turns: 1210, Time: 00:14:13

Health: 0/19       AC:  3    Str:  5    XL:     3   Next: 26%
Magic:  1/10       EV: 13    Int: 25    God:
Gold:   69         SH:  0    Dex: 15    Spells: 6/9 levels left

rFire    . . .     SeeInvis .   (no weapon)
rCold    . . .     Gourm    .   (no shield)
rNeg     . . .     Faith    .   a - +1 robe
rPois    .         Spirit   .   (no helmet)
rElec    .         Reflect  .   (no cloak)
rCorr    .         Harm     .   (no gloves)
MR       .....                  (no boots)
Stlth    ++........             (no amulet)
HPRegen  0.06/turn              (no ring)
MPRegen  0.12/turn              (no ring)

@: brilliant
A: no striking features
a: no special abilities


You were on level 3 of the Dungeon.
You were hungry.

You visited 1 branch of the dungeon, and saw 3 of its levels.

You collected 69 gold pieces.

Inventory:

Missiles
 d - 34 arrows
 f - 120 stones (quivered)
 l - 2 throwing nets
Armour
 a - a +1 robe (worn)
Wands
 k - a wand of iceblast (11)
Scrolls
 e - 2 scrolls of remove curse
 h - a scroll of enchant armour
Potions
 g - a potion of agility {unknown}
 j - a potion of degeneration {unknown}
Comestibles
 b - 3 rations
 c - a chunk of flesh


   Skills:
 - Level 2.5 Dodging
 - Level 2.4 Stealth
 + Level 3.9 Spellcasting
 * Level 5.1 Summonings


You had 6 spell levels left.
You knew the following spells:

 Your Spells              Type           Power        Failure   Level  Hunger
a - Summon Small Mammal   Summ           ####         1%          1    None
b - Call Imp              Summ           #####...     1%          2    #......


Dungeon Overview and Level Annotations

Branches:
Dungeon (3/15)

Altars:
Elyvilon
Trog


Message History

Your crimson imp hits the plant but does no damage.
Okay, then.
Okay, then.
Your crimson imp disappears in a puff of smoke!
The shadow imp gestures at you. Pain shoots through your body!
Your crimson imp hits the plant but does no damage.
Your crimson imp barely misses the shadow imp.
Your crimson imp hits the plant.
There is an open door here.
Your crimson imp disappears in a puff of smoke!
Your crimson imp hits the shadow imp but does no damage.
The orc priest looks braver for a moment.
Okay, then.
It was a potion of brilliance.
You feel clever all of a sudden. The shadow imp gestures at you.
Pain shoots through your body!
Ouch! That really hurt!
You die...

#.# ####..#
.h#.###....####
#.#<)#.........
#......©......#
#..#########..#
#..#8P.©5P8#..#
#..#P...5.P#.?#
#..####'####..#
#).#5≈.@.≈5#..#
#..#o≈...≈o#..#
#.)#.≈≈≈≈55#..#
#..#.≈≈♣≈≈.#..#
#..#.≈≈ ≈≈.#..#
#..#?≈. .≈.#..#
#..#.≈. .≈.#..#
#..#### ####..#


You could see 2 orc priests, 3 shadow imps, a jackal (sleeping) and 3 friendly
crimson imps.

Vanquished Creatures (collateral kills)
  An adder (D:2)
  A worm (D:2)
  2 dart slugs (D:1)
  2 leopard geckos (D:1)
  3 ball pythons
  6 goblins
  5 hobgoblins
  2 jackals
  8 kobolds
  A quokka (D:2)
  A bat (D:2)
  4 frilled lizards
  8 rats
44 creatures vanquished.

Notes
Turn   | Place    | Note
-------+----------+-------------------------------------------
     0 | D:1      | matakusis the Deep Elf Summoner began the quest for the Orb.
     0 | D:1      | Reached XP level 1. HP: 10/10 MP: 6/6
   199 | D:1      | Reached XP level 2. HP: 15/15 MP: 4/8
   203 | D:1      | Learned a level 2 spell: Call Imp
   695 | D:2      | Found a white marble altar of Elyvilon.
   737 | D:2      | Reached skill level 5 in Summonings
   757 | D:2      | Found a bloodstained altar of Trog.
   765 | D:2      | Reached XP level 3. HP: 19/19 MP: 5/10
  1019 | D:2      | Found a faded altar of an unknown god.
  1140 | D:3      | Found a transporter.
  1210 | D:3      | Killed from afar by a shadow imp

Vault maps used:
D:1:      onia_arrival_handbag
D:2:      bloody_trog, chequers_ecumenical_altar_simple_redux, elyvilon_altar_4
D:3:      gammafunk_wand_slinger, nemelex_altar_shiori,
          minmay_misc_feat_four_crosses, uniq_crazy_yiuf_cottage

Skill      XL: |  1  2 |
---------------+-------+-----
Summonings     | 5 |  5.1
Dodging        | |  2.5
Stealth        | |  2.4
Spellcasting   | |  3.9

Action                   || total
-------------------------++-------
Melee: Unarmed           ||     2
 Cast: Summon Small Mamm ||    22
       Call Imp          ||    32
  Use: Scroll            ||     3
       Potion            ||     1
  Eat: Chunk             ||     1
Armor: Robe              ||     2
Dodge: Dodged            ||    26

Table legend:
 A = Spawn XP
 B = Non-spawn XP
 C = Spawn XP percentage of total XP
 D = Spawn monster count
 E = Non-spawn monster count
 F = Spawn count percentage of total count
 G = Total turns spent on level
                    A         B        C        D         E        F      G
               +---------+---------+-------+---------+---------+-------+---------
         Total |       0 |      56 |   0.0 |       0 |      44 |   0.0 |  1210
               +---------+---------+-------+---------+---------+-------+---------
           D:1 |       0 |      30 |   0.0 |       0 |      26 |   0.0 |   643
           D:2 |       0 |      24 |   0.0 |       0 |      16 |   0.0 |   497
           D:3 |       0 |       2 |   0.0 |       0 |       2 |   0.0 |    70
               +---------+---------+-------+---------+---------+-------+---------
